 Dungeon Crawl Stone Soup version 0.23.0 (webtiles) character file.

Game seed: 3124812811527602614

21038 Esekla the Infuser (level 12, -4/44 HPs)
             Began as a Felid Wizard on Feb 10, 2019.
             Was an Initiate of Gozag.
             Slain by a two-headed ogre
             ... wielding a +0 giant spiked club
              (25 damage)
             ... on level 14 of the Dungeon on Feb 12, 2019.
             The game lasted 06:36:40 (30900 turns).

Esekla the Infuser (Felid Wizard)                  Turns: 30900, Time: 06:36:41

Health: -4/44      AC:  3    Str:  3    XL:     12   Next: 50%
Magic:  14/24      EV: 34    Int: 25    God:    Gozag
Gold:   2671       SH:  0    Dex: 20    Spells: 2/26 levels left
                                        Lives:  0   Deaths: 3

rFire    . . .     SeeInvis +   (weapon unavailable)
rCold    + . .     Gourm    .   (shield unavailable)
rNeg     . . .     Faith    .   (armour unavailable)
rPois    .         Spirit   .   (helmet unavailable)
rElec    .         Reflect  .   (cloak unavailable)
rCorr    .         Harm     .   (gloves unavailable)
MR       +....                  (boots unavailable)
Stlth    +++.......             (no amulet)
HPRegen  0.14/turn              l - +4 ring of intelligence
MPRegen  0.19/turn              y - +5 ring of evasion

@: very slightly contaminated, studying Charms, quick
A: very small, no armour, no weapons or thrown items, stealth, claws 1, fangs 3,
see invisible, agile 2, carnivore, dopey 1, speed 1, shaggy fur 3, slow
metabolism 1, no potion heal 1, sharp paws
a: Potion Petition, Call Merchant, Bribe Branch, Renounce Religion


You were on level 14 of the Dungeon.
You worshipped Gozag.
Gozag was most pleased with you.
You were hungry.

You visited 4 branches of the dungeon, and saw 20 of its levels.
You also visited: Gauntlet.

You collected 4630 gold pieces.
You spent 1831 gold pieces at shops.
You paid 128 gold pieces to Gozag.

Inventory:

Jewellery
 e - the ring "Serugg" {rPois rN+ Int-3 SInv Stlth+}
   (You found it in a Gauntlet)

   [ring of see invisible]

   It affects your intelligence (-3).
   It protects you from poison.
   It protects you from negative energy.
   It lets you see invisible.
   It makes you more stealthy.
 l - a +4 ring of intelligence (left paw)
 r - an uncursed ring of poison resistance
 y - a +5 ring of evasion (right paw)
 B - an uncursed ring of protection from fire
 D - an uncursed ring of flight
 H - a +3 ring of intelligence
 I - an uncursed ring of protection from fire
 J - an uncursed ring of protection from cold
Wands
 c - a wand of flame (76)
 j - a wand of disintegration (3)
 k - a wand of iceblast (14)
 G - a wand of polymorph (2)
Scrolls
 a - 2 scrolls of fear
 d - 16 scrolls of remove curse
 g - 5 scrolls of teleportation
 h - a scroll of identify
 p - 2 scrolls of fog
 q - 2 scrolls of enchant armour
 t - 3 scrolls of enchant weapon
 u - a scroll of torment
 z - a scroll of magic mapping
 E - 3 scrolls of amnesia
 K - a scroll of immolation
 M - a scroll of holy word
Potions
 f - 3 potions of resistance
 i - a potion of berserk rage
 m - 2 potions of cancellation
 n - a potion of curing
 o - a potion of brilliance
 s - a potion of haste
 v - 3 potions of might
 w - 4 potions of flight
 x - a potion of agility
 A - a potion of lignification
 F - 4 potions of invisibility
 L - a potion of magic
Books
 C - a manual of Charms
Comestibles
 b - 11 rations


   Skills:
 + Level 11.8 Dodging
 - Level 3.0 Stealth
 + Level 7.8 Spellcasting
 - Level 6.0 Conjurations
 * Level 14.0 Charms
   Level 1.0 Summonings
 + Level 4.0 Translocations
 * Level 8.5 Fire Magic
 * Level 7.0 Ice Magic
 - Level 6.1 Air Magic
 - Level 6.4 Poison Magic
 - Level 5.2 Evocations


You had 2 spell levels left.
You knew the following spells:

 Your Spells              Type           Power        Failure   Level  Hunger
a - Magic Dart            Conj           ####         1%          1    None
b - Blink                 Tloc           N/A          1%          2    None
c - Mephitic Cloud        Conj/Pois/Air  #####...     1%          3    None
d - Poisonous Vapours     Pois/Air       #####.       1%          2    None
e - Freezing Cloud        Conj/Ice/Air   #####.....   56%         6    ######.
f - Ring of Flames        Chrm/Fire      ######....   45%         7    #######
g - Conjure Flame         Conj/Fire      #####...     1%          3    None

Your spell library contained the following spells:

 Spells                   Type           Power        Failure   Level  Hunger
 Beastly Appendage        Tmut           #.....       6%          1    None
 Confusing Touch          Hex            #.....       6%          1    None
 Call Imp                 Summ           ##......     6%          2    None
 Slow                     Hex            #.......     10%         2    None
 Sticks to Snakes         Tmut           #.......     10%         2    None
 Gell's Gravitas          Tloc           ####......   3%          3    None
 Spider Form              Tmut/Pois      ####......   4%          3    None
 Ice Form                 Ice/Tmut       ####....     14%         4    ##.....
 Confuse                  Hex            #.......     19%         3    None
 Metabolic Englaciation   Hex/Ice        ####......   38%         5    #####..
 Petrify                  Tmut/Erth      #.......     52%         4    ##.....
 Blade Hands              Tmut           #.........   86%         5    #####..
 Yara's Violent Unravell  Hex/Tmut       #.........   86%         5    #####..


Dungeon Overview and Level Annotations

Branches:
Dungeon (14/15)            Temple (1/1) D:6            Lair (4/6) D:8
 Shoals (0/4) Lair:4        Snake (1/4) Lair:2          Orc (0/2) D:12
 Vaults (0/5) D:13

Altars:
Ashenzari
Cheibriados
Dithmenos
Elyvilon
Fedhas
Gozag
Hepliaklqana
Kikubaaqudgha
Makhleb
Nemelex Xobeh
Okawaru
Qazlal
Ru
Sif Muna
Trog
Uskayaw
Vehumet
Wu Jian
Xom
Yredelemnul
Zin
The Shining One

Shops:
D:6 *:(*%

Annotations:
D:7 3 runed translucent doors, strongu's ghost, novice DsFi
D:13 3 runed translucent doors, Akransas's ghost, journeyman HuEE


Innate Abilities, Weirdness & Mutations

You cannot wear armour.
You are incapable of wielding weapons or throwing items.
Your paws allow you to move quietly. (Stealth)
You have sharp claws.
You have razor-sharp teeth.
You have supernaturally acute eyesight. (SInv)
You are carnivorous and can eat meat at any time.
You cover ground quickly.
Your thick and shaggy fur keeps you warm. (AC +3, rC+)
You have a slow metabolism.
Your sharp claws are effective at attacking unaware monsters.
You are very agile. (Dex +4)
You are dopey. (Int -2)
Potions are less effective at restoring your health.


Message History

Confirm with . or Enter, or press ? or * to list all spells.
Aiming: Poisonous Vapours (safe; 1% risk of failure)
Press: ? - help, Dir - move target cursor, f - two-headed ogre, p - jelly
Aim: a two-headed ogre, wielding a +0 giant spiked club and a +0 giant club Poisonous vapours surround the two-headed ogre!
The two-headed ogre is engulfed in poison gas.
The two-headed ogre is poisoned.
Casting: Poisonous Vapours (safe; 1% risk of failure)
Confirm with . or Enter, or press ? or * to list all spells.
The spell is very dangerous to cast (45% risk of failure)!
Continue anyway?
You miscast Ring of Flames.
You are very lightly contaminated with residual magic.
Nothing appears to happen.
You are feeling hungry.
The two-headed ogre hits you with a +0 giant spiked club!!
Ouch! That really hurt!
The two-headed ogre hits you with a +0 giant club!!
Ouch! That really hurt!
You die...
Your body crumbles into a pile of gold.

#..O.....###
##.####....#
#.# #....# #$#
#..#.# $$.
....## #aO#
##....# #..#
#....#
####..####....#
......O@.J....#
.###.####..#.##
.... #.## .# #


You could see a two-headed ogre and a jelly.

Vanquished Creatures
  A sphinx (shapeshifter) (Gauntlet)
  A minotaur (Gauntlet)
  Fannar (Lair:2)
  3 hydras
  5 two-headed ogres
  Sonja (Lair:4)
  An unseen horror (D:13)
  A wizard (D:13)
  A mana viper (shapeshifter) (Gauntlet)
  2 manticores
  A cyclops (D:11)
  4 elephants
  A centaur zombie (D:12)
  A black mamba (Lair:1)
  A spiny frog (Lair:3)
  A redback zombie (D:13)
  5 komodo dragons
  5 trolls
  5 polar bears (Lair:1)
  A hornet (D:12)
  2 blink frogs (Lair:3)
  9 hippogriffs
  6 wyverns
  A wraith (D:13)
  12 yaks
  A steam dragon (D:8)
  A steam dragon (shapeshifter) (Gauntlet)
  A basilisk (D:9)
  7 porcupines
  20 water moccasins
  4 orc warriors
  8 sky beasts
  2 ice beasts
  An eye of draining (D:11)
  10 ogres
  9 centaurs
  A necrophage (D:10)
  8 crocodiles
  2 big kobolds
  20 bullfrogs
  7 scorpions
  A water moccasin skeleton (D:4)
  24 killer bees
  14 wights
  4 howler monkeys
  4 crimson imps
  2 bullfrog zombies
  7 hounds
  A quasit (D:14)
  7 orc wizards
  A bullfrog skeleton (D:7)
  5 centaur skeletons
  A gnoll shaman (D:5)
  5 jellies
  6 orc priests
  6 iguanas
  7 worker ants
  A hound skeleton (D:8)
  A howler monkey zombie (D:5)
  A worker ant zombie (D:6)
  5 gnolls (D:5)
  15 adders
  2 river rats (Lair:4)
  3 shadow imps
  5 oozes
  2 adder skeletons
  5 worms
  A dart slug (D:1)
  4 leopard geckos
  20 orcs
  4 ball pythons
  11 giant cockroaches
  10 goblins
  5 hobgoblins
  13 jackals
  17 kobolds
  A quokka (D:7)
  15 bats
  7 frilled lizards
  A leopard gecko skeleton (D:8)
  A leopard gecko zombie (D:5)
  A quokka zombie (D:7)
  10 rats
  A fungus (D:7)
431 creatures vanquished.

Vanquished Creatures (others)
  A spriggan (D:10)
  A kobold (D:10)
  11 fungi
  10 plants
23 creatures vanquished.

Grand Total: 454 creatures vanquished

Notes
Turn   | Place    | Note
-------+----------+-------------------------------------------
     0 | D:1      | Esekla the Felid Wizard began the quest for the Orb.
     0 | D:1      | Reached XP level 1. HP: 7/7 MP: 5/5
    34 | D:1      | Reached skill level 1 in Conjurations
   256 | D:3      | Found a snail-covered altar of Cheibriados.
   310 | D:2      | Reached XP level 2. HP: 11/11 MP: 1/7
   407 | D:1      | Learned a level 2 spell: Blink
   795 | D:1      | Reached XP level 3. HP: 11/14 MP: 2/8
   800 | D:1      | Learned a level 3 spell: Mephitic Cloud
  1329 | D:4      | Noticed a scorpion
  1377 | D:3      | Noticed an orc warrior
  1392 | D:3      | Found a stormy altar of Qazlal.
  1394 | D:3      | You fall through a shaft for 3 floors!
  1394 | D:6      | Noticed a phantom
  1420 | D:6      | Found a staircase to the Ecumenical Temple.
  1430 | Temple   | Entered the Ecumenical Temple
  1523 | Temple   | Became a worshipper of Gozag Ym Sagoz the Greedy
  1564 | D:6      | Found Goufet's Book Boutique.
  1571 | D:6      | Noticed a sky beast
  1581 | D:5      | Entered Level 5 of the Dungeon
  1801 | D:3      | Reached XP level 4. HP: 16/18 MP: 9/9
  2366 | D:2      | Found a shadowy altar of Dithmenos.
  2679 | D:2      | Reached skill level 1 in Poison Magic
  3511 | D:3      | You fall through a shaft!
  3591 | D:4      | Reached XP level 5. HP: 11/21 MP: 1/10
  3704 | D:4      | Noticed an ogre
  3745 | D:5      | Reached skill level 1 in Air Magic
  3780 | D:5      | Found a shadowy altar of Dithmenos.
  5208 | D:3      | Killed from afar by an orc priest
  5209 | D:3      | Reached XP level 4. HP: -7/18 MP: 2/9
  5210 | D:3      | You fall through a shaft for 3 floors!
  5210 | D:6      | Noticed a bullfrog
  5312 | D:6      | Reached XP level 5. HP: 20/21 MP: 2/11
  5427 | D:6      | Found Efris's Assorted Antiques.
  5512 | D:5      | Noticed an ogre
  5586 | D:6      | Bought a book of Clouds for 450 gold pieces
  5589 | D:6      | Learned a level 2 spell: Poisonous Vapours
  5611 | D:6      | Found Fabbotse's Assorted Antiques.
  5647 | D:6      | Killed a sky beast
  5647 | D:6      | Reached skill level 1 in Evocations
  5647 | D:6      | Gained mutation: You are covered in thick fur. (AC +2)
                  | [Felid growth]
  5647 | D:6      | Reached XP level 6. HP: 24/24 MP: 1/12
  5769 | D:6      | Found an iron altar of Okawaru.
  5884 | D:6      | Found Tusk's Antique Weapon Shop.
  5975 | D:6      | Noticed a sky beast
  5999 | D:6      | Killed a sky beast
  6123 | D:5      | Reached XP level 7. HP: 20/27 MP: 2/13
  6390 | D:6      | Found Purig's Food Shoppe.
  6660 | D:6      | Found a hazy altar of Hepliaklqana.
  6660 | D:6      | Found a sacrificial altar of Ru.
  6784 | D:6      | Bought a scroll of identify for 56 gold pieces
  6784 | D:6      | Bought a scroll of identify for 56 gold pieces
  8019 | D:4      | Reached XP level 8. HP: 29/31 MP: 5/15
  8686 | D:7      | Noticed a hippogriff
  8708 | D:7      | Killed a hippogriff
  8794 | D:7      | Reached skill level 5 in Spellcasting
  8816 | D:7      | Gained mutation: Potions are less effective at restoring
                  | your health. [potion of mutation]
  8816 | D:7      | Gained mutation: Your magical capacity is low. (-10% MP)
                  | [potion of mutation]
  8816 | D:7      | Gained mutation: Your muscles are strong. (Str +2) [potion
                  | of mutation]
  8817 | D:7      | Lost mutation: Your muscles are strong. (Str +2) [potion of
                  | mutation]
  8817 | D:7      | Lost mutation: Your magical capacity is low. (-10% MP)
                  | [potion of mutation]
  8817 | D:7      | Gained mutation: You are agile. (Dex +2) [potion of
                  | mutation]
  8817 | D:7      | Gained mutation: You are dopey. (Int -2) [potion of
                  | mutation]
  8817 | D:7      | Gained mutation: You are very agile. (Dex +4) [potion of
                  | mutation]
  8826 | D:7      | Learned a level 7 spell: Ring of Flames
  8867 | D:7      | Reached skill level 1 in Charms
  8934 | D:7      | Reached skill level 5 in Conjurations
  8966 | D:7      | Found the +7 Singing Sword {slice, sonic wave}
  9091 | D:7      | Reached skill level 1 in Fire Magic
  9141 | D:7      | Found a sparkling altar of Nemelex Xobeh.
  9161 | D:7      | Reached skill level 5 in Air Magic
  9161 | D:7      | Reached XP level 9. HP: 32/34 MP: 6/17
  9162 | D:7      | Reached skill level 2 in Charms
  9202 | D:7      | Found a shimmering altar of Xom.
  9376 | D:7      | Found a shattered altar of Ashenzari.
  9823 | D:6      | Bought a scroll labeled KUDEDAPRAMPI for 33 gold pieces
  9823 | D:6      | Bought a scroll of identify for 66 gold pieces
  9823 | D:6      | Bought a scroll labeled UJEUTIWKAL for 33 gold pieces
  9823 | D:6      | Bought a scroll labeled ELUUKHAERA for 33 gold pieces
  9999 | D:7      | Reached skill level 3 in Charms
 10287 | D:7      | Found a runed translucent gate.
 10287 | D:7      | Found a runed translucent gate.
 10287 | D:7      | Found a runed translucent gate.
 10289 | D:7      | Noticed strongu's ghost (novice DsFi)
 10714 | D:8      | Found an ancient bone altar of Kikubaaqudgha.
 10988 | D:8      | Reached skill level 5 in Poison Magic
 11122 | D:8      | Found a stormy altar of Qazlal.
 11469 | D:8      | Reached skill level 4 in Charms
 11511 | D:8      | Noticed a komodo dragon
 11546 | D:8      | Killed a komodo dragon
 11619 | D:8      | Noticed a komodo dragon
 11665 | D:8      | Killed a komodo dragon
 11704 | D:8      | Found a staircase to the Lair.
 11794 | Lair:1   | Entered Level 1 of the Lair of Beasts
 11811 | Lair:1   | Noticed a black mamba
 11818 | Lair:1   | Noticed a komodo dragon
 11823 | Lair:1   | Reached XP level 10. HP: 37/37 MP: 15/20
 11987 | Lair:1   | Reached skill level 5 in Evocations
 12041 | Lair:1   | Reached skill level 5 in Dodging
 12073 | Lair:1   | Killed a black mamba
 12174 | Lair:1   | Reached skill level 5 in Charms
 12592 | Lair:1   | Annihilated by a komodo dragon
 12593 | Lair:1   | Reached XP level 9. HP: -23/34 MP: 19/19
 13032 | Lair:1   | Reached skill level 6 in Charms
 13075 | Lair:1   | Killed a komodo dragon
 13253 | Lair:1   | Reached XP level 10. HP: 37/37 MP: 12/20
 13521 | D:6      | Bought a manual of Charms for 1104 gold pieces
 13755 | Lair:2   | Reached skill level 7 in Charms
 13794 | Lair:2   | Reached skill level 5 in Fire Magic
 13888 | Lair:1   | Learned a level 6 spell: Freezing Cloud
 14238 | Lair:2   | Noticed a five-headed hydra
 14264 | Lair:2   | Killed a five-headed hydra
 14264 | Lair:2   | Reached skill level 8 in Charms
 14264 | Lair:2   | Reached skill level 1 in Ice Magic
 14944 | Lair:2   | Found a staircase to the Snake Pit.
 14995 | Lair:2   | Reached skill level 9 in Charms
 15670 | Lair:3   | Noticed a spiny frog
 15731 | Snake:1  | Entered Level 1 of the Snake Pit
 15731 | Snake:1  | Noticed a naga mage
 15731 | Snake:1  | Noticed a naga mage
 15731 | Snake:1  | Noticed a salamander
 15732 | Snake:1  | Noticed a naga mage
 15769 | Lair:3   | Noticed Fannar
 15787 | Lair:2   | Reached XP level 11. HP: 35/40 MP: 14/21
 15893 | Lair:2   | Killed Fannar
 16878 | Lair:3   | Reached skill level 10 in Charms
 18286 | Lair:4   | Noticed Sonja
 18292 | Lair:4   | Killed Sonja
 18292 | Lair:4   | Reached skill level 11 in Charms
 19537 | Lair:4   | Found a staircase to the Shoals.
 19883 | D:9      | Found a basalt altar of Yredelemnul.
 21426 | D:9      | Noticed a +0 hand axe
 21427 | D:9      | Noticed a +3 hand axe
 21437 | D:9      | Found a hide-covered altar of Uskayaw.
 21539 | D:10     | Entered Level 10 of the Dungeon
 23314 | D:10     | Gained mutation: Your thick and shaggy fur keeps you warm.
                  | (AC +3, rC+) [Felid growth]
 23314 | D:10     | Reached XP level 12. HP: 22/43 MP: 7/23
 23359 | D:10     | Noticed a two-headed ogre
 23390 | D:10     | Killed a two-headed ogre
 24587 | D:11     | Reached skill level 5 in Ice Magic
 24976 | D:10     | Reached skill level 12 in Charms
 25773 | D:12     | Noticed a four-headed hydra
 26242 | D:12     | Found a staircase to the Orcish Mines.
 26451 | D:12     | Reached skill level 10 in Dodging
 26927 | D:13     | Found a gate leading to a gauntlet.
 26942 | D:13     | Noticed a two-headed ogre
 26974 | D:13     | Killed a two-headed ogre
 27093 | D:13     | Found a gate to the Vaults.
 27093 | D:13     | Noticed a two-headed ogre
 27103 | Gauntlet | Entered a Gauntlet
 27103 | Gauntlet | Found a transporter.
 27103 | Gauntlet | Found a transporter.
 27103 | Gauntlet | Found a transporter.
 27141 | Gauntlet | Found a transporter.
 27171 | Gauntlet | Found a transporter.
 27183 | Gauntlet | Found a large runed translucent door.
 27184 | Gauntlet | Found a large runed translucent door.
 27185 | Gauntlet | Found a large runed translucent door.
 27185 | Gauntlet | Found a large runed translucent door.
 27186 | Gauntlet | Found a runed translucent gate.
 27187 | Gauntlet | Found a transporter.
 27187 | Gauntlet | Found a runed translucent gate.
 27188 | Gauntlet | Found a runed translucent gate.
 27189 | Gauntlet | Found a large runed translucent door.
 27189 | Gauntlet | Found a large runed translucent door.
 27190 | Gauntlet | Found a large runed translucent door.
 27191 | Gauntlet | Found a large runed translucent door.
 27193 | Gauntlet | Found a transporter.
 27201 | Gauntlet | Found a transporter.
 27218 | Gauntlet | Found a transporter.
 27228 | Gauntlet | Found a transporter.
 27246 | Gauntlet | Found a transporter.
 27272 | Gauntlet | Noticed a storm dragon
 27274 | Gauntlet | Found a transporter.
 27275 | Gauntlet | Noticed an azure jelly
 27275 | Gauntlet | a storm dragon changed into an azure jelly
 27277 | Gauntlet | Noticed a storm dragon
 27277 | Gauntlet | an azure jelly changed into a storm dragon
 27280 | Gauntlet | Found a large runed translucent door.
 27281 | Gauntlet | Found a large runed translucent door.
 27282 | Gauntlet | Found a large runed translucent door.
 27282 | Gauntlet | Found a large runed translucent door.
 27282 | Gauntlet | Found a runed translucent door.
 27282 | Gauntlet | Found a runed translucent door.
 27283 | Gauntlet | Found a large runed translucent door.
 27283 | Gauntlet | Found a large runed translucent door.
 27284 | Gauntlet | Found a large runed translucent door.
 27284 | Gauntlet | Noticed an emperor scorpion
 27284 | Gauntlet | a storm dragon changed into an emperor scorpion
 27285 | Gauntlet | Found a large runed translucent door.
 27306 | Gauntlet | Noticed a death yak
 27308 | Gauntlet | Noticed a dire elephant
 27308 | Gauntlet | a death yak changed into a dire elephant
 27310 | Gauntlet | Noticed a stone giant
 27310 | Gauntlet | a dire elephant changed into a stone giant
 27338 | Gauntlet | Noticed a fire giant
 27338 | Gauntlet | a fire giant changed into an iron troll
 27348 | Gauntlet | Noticed a shadow dragon
 27351 | Gauntlet | Noticed an acid blob
 27351 | Gauntlet | a shadow dragon changed into an acid blob
 27352 | Gauntlet | Noticed a kraken
 27353 | Gauntlet | Noticed an iron giant
 27353 | Gauntlet | an acid blob changed into an iron giant
 27356 | Gauntlet | Noticed an alligator snapping turtle
 27356 | Gauntlet | an iron giant changed into an alligator snapping turtle
 27372 | Gauntlet | Noticed a frost giant
 27372 | Gauntlet | an iron troll changed into a frost giant
 27378 | Gauntlet | Noticed an alligator snapping turtle
 27378 | Gauntlet | a frost giant changed into an alligator snapping turtle
 27385 | Gauntlet | Noticed an azure jelly
 27385 | Gauntlet | an alligator snapping turtle changed into an azure jelly
 27386 | Gauntlet | Noticed a frost giant
 27386 | Gauntlet | an azure jelly changed into a frost giant
 27387 | Gauntlet | Noticed a shadow dragon
 27387 | Gauntlet | a frost giant changed into a shadow dragon
 27402 | Gauntlet | Noticed a frost giant
 27402 | Gauntlet | an iron troll changed into a frost giant
 27403 | Gauntlet | Noticed a stone giant
 27403 | Gauntlet | a frost giant changed into a stone giant
 27406 | Gauntlet | Noticed a sphinx
 27406 | Gauntlet | Noticed an azure jelly
 27406 | Gauntlet | a sphinx changed into an azure jelly
 27447 | Gauntlet | Noticed a dire elephant
 27448 | Gauntlet | Noticed a catoblepas
 27448 | Gauntlet | a dire elephant changed into a catoblepas
 27462 | Gauntlet | Noticed an alligator
 27467 | Gauntlet | Noticed a five-headed hydra
 27467 | Gauntlet | an alligator changed into a five-headed hydra
 27479 | Gauntlet | Noticed a queen ant
 27480 | Gauntlet | a queen ant changed into a tyrant leech
 27485 | Gauntlet | Noticed a great orb of eyes
 27485 | Gauntlet | a tyrant leech changed into a great orb of eyes
 27488 | Gauntlet | Noticed an ettin
 27488 | Gauntlet | a great orb of eyes changed into an ettin
 27496 | Gauntlet | an ettin changed into a tyrant leech
 27500 | Gauntlet | Noticed an entropy weaver
 27500 | Gauntlet | a tyrant leech changed into an entropy weaver
 27505 | Gauntlet | Noticed a sphinx
 27505 | Gauntlet | a kraken changed into a sphinx
 27506 | Gauntlet | Noticed a catoblepas
 27506 | Gauntlet | an entropy weaver changed into a catoblepas
 27515 | Gauntlet | Noticed a four-headed hydra
 27515 | Gauntlet | a catoblepas changed into a four-headed hydra
 27517 | Gauntlet | Noticed a fire dragon
 27517 | Gauntlet | a four-headed hydra changed into a fire dragon
 27518 | Gauntlet | Noticed a satyr
 27518 | Gauntlet | a fire dragon changed into a satyr
 27539 | Gauntlet | Noticed an ice dragon
 27542 | Gauntlet | Noticed a spark wasp
 27542 | Gauntlet | an ice dragon changed into a spark wasp
 27546 | Gauntlet | Noticed an ettin
 27546 | Gauntlet | a spark wasp changed into an ettin
 27547 | Gauntlet | Noticed a four-headed hydra
 27547 | Gauntlet | an ettin changed into a four-headed hydra
 27558 | Gauntlet | Noticed an emperor scorpion
 27558 | Gauntlet | a four-headed hydra changed into an emperor scorpion
 27559 | Gauntlet | Noticed an entropy weaver
 27559 | Gauntlet | an emperor scorpion changed into an entropy weaver
 27561 | Gauntlet | an entropy weaver changed into a tyrant leech
 27562 | Gauntlet | Noticed a queen ant
 27562 | Gauntlet | a tyrant leech changed into a queen ant
 27574 | Gauntlet | Noticed a death yak
 27574 | Gauntlet | a queen ant changed into a death yak
 27582 | Gauntlet | Noticed an emperor scorpion
 27582 | Gauntlet | a death yak changed into an emperor scorpion
 27585 | Gauntlet | Noticed a minotaur
 27585 | Gauntlet | an emperor scorpion changed into a minotaur
 27586 | Gauntlet | Noticed a catoblepas
 27586 | Gauntlet | a minotaur changed into a catoblepas
 27590 | Gauntlet | Killed a sphinx
 27590 | Gauntlet | Reached skill level 13 in Charms
 27591 | Gauntlet | Noticed a dire elephant
 27591 | Gauntlet | a catoblepas changed into a dire elephant
 27599 | Gauntlet | Mangled by a dire elephant (glowing shapeshifter)
 27600 | Gauntlet | Reached XP level 11. HP: -12/40 MP: 3/23
 27668 | Gauntlet | Noticed a satyr
 27668 | Gauntlet | a moth of wrath changed into a satyr
 27674 | Gauntlet | Noticed an entropy weaver
 27674 | Gauntlet | a satyr changed into an entropy weaver
 27681 | Gauntlet | Noticed an alligator
 27681 | Gauntlet | a dream sheep changed into an alligator
 27712 | Gauntlet | Noticed a four-headed hydra
 27712 | Gauntlet | an entropy weaver changed into a four-headed hydra
 27722 | Gauntlet | Noticed a two-headed ogre
 27722 | Gauntlet | a merfolk changed into a two-headed ogre
 27723 | Gauntlet | Noticed a mana viper
 27723 | Gauntlet | a two-headed ogre changed into a mana viper
 27724 | Gauntlet | Noticed an ettin
 27724 | Gauntlet | a four-headed hydra changed into an ettin
 27727 | Gauntlet | Killed a mana viper
 27738 | Gauntlet | Noticed a great orb of eyes
 27763 | Gauntlet | Got a heavily runed tin ring
 27857 | Gauntlet | Identified the ring "Serugg" {rPois rN+ Int-3 SInv Stlth+}
                  | (You found it in a Gauntlet)
 27879 | Gauntlet | Identified the +5 war axe of Ravage {protect, SInv}
 27879 | Gauntlet | Noticed a minotaur
 27920 | Gauntlet | Killed a minotaur
 28027 | D:13     | Killed a two-headed ogre
 28063 | D:13     | Noticed an unseen horror
 28153 | D:13     | Killed an unseen horror
 28286 | D:13     | Reached XP level 12. HP: 44/44 MP: 2/24
 29195 | D:13     | Found a runed translucent gate.
 29195 | D:13     | Found a runed translucent gate.
 29195 | D:13     | Found a runed translucent gate.
 29195 | D:13     | Noticed Akransas's ghost (journeyman HuEE)
 29943 | D:12     | Killed a four-headed hydra
 30231 | D:14     | Noticed a four-headed hydra
 30241 | D:14     | Killed a four-headed hydra
 30484 | D:14     | Noticed an ogre mage
 30757 | D:14     | Noticed a two-headed ogre
 30758 | D:14     | Noticed a two-headed ogre
 30762 | D:14     | Killed a two-headed ogre
 30764 | D:14     | Killed a two-headed ogre
 30764 | D:14     | Reached skill level 14 in Charms
 30765 | D:14     | Noticed a two-headed ogre
 30895 | D:13     | Learned a level 3 spell: Conjure Flame
 30896 | D:14     | Noticed a two-headed ogre
 30900 | D:14     | Slain by a two-headed ogre

Skill      XL: |  1  2  3  4  5  6  7  8  9 10 11 12 |
---------------+-------------------------------------+-----
Conjurations   | 1 2 3 4 5 6 |  6.0
Dodging        | 3 4 6 11 10 | 11.8
Stealth        | 3 |  3.0
Translocations | 2 3 4 |  4.0
Poison Magic   | 1 2 3 4 5 6 |  6.4
Air Magic      | 1 2 3 5 6 |  6.1
Evocations     | 1 2 3 4 5 |  5.2
Spellcasting   | 4 5 6 7 |  7.8
Charms         | 1 6 9 11 14 | 14.0
Fire Magic     | 1 4 5 8 |  8.5
Ice Magic      | 3 4 7 |  7.0
Summonings     | |  1.0

Action                   |  1- 3 |  4- 6 |  7- 9 | 10-12 || total
-------------------------+-------+-------+-------+-------++-------
Melee: Unarmed           |    54 |    36 |    33 |    54 ||   177
       Bite              |     2 |     5 |     2 |     9 ||    18
 Cast: Magic Dart        |    65 |   193 |    89 |   579 ||   926
       Blink             |     2 |       |       |     4 ||     6
       Poisonous Vapours |       |    17 |   169 |   537 ||   723
       Mephitic Cloud    |       |     5 |     6 |    14 ||    25
       Freezing Cloud    |       |       |       |     6 ||     6
       Ring of Flames    |       |       |       |     3 ||     3
Evoke: Wand              |     1 |       |     9 |    40 ||    50
       Box of beasts     |       |       |       |     1 ||     1
  Use: Scroll            |       |     6 |    17 |    16 ||    39
       Potion            |       |     1 |     3 |    24 ||    28
 Stab: Sleeping          |    10 |     7 |     5 |     2 ||    24
       Confused          |       |     1 |       |       ||     1
       Distracted        |       |       |     1 |       ||     1
  Eat: Chunk             |     4 |       |       |       ||     4
       Ration            |       |     2 |     5 |    17 ||    24
Armor: Skin              |     6 |     8 |     4 |    16 ||    34
Dodge: Dodged            |    93 |   122 |   113 |   683 ||  1011
